AoeStats
← SaltedHashedPotato

Arena

507803311Analyzed
1v1 RM · 14d ago on Sep 19, 2026· 45m 11s· 2 players
Game mode
Random Map
Map size
Tiny (2 player)
Population
200
Speed
Normal
Resources
Standard
Victory
Conquest
Starting age
Dark Age
Ending age
Imperial Age
RankedLock teamsTeams togetherTeam positionsShared explorationLock speedFull tech treeHidden civsTurbo modeCheats
Victory
Defeat
🇺🇸 Poles · United States
839
+17
🇦🇷 Bohemians · Argentina
855
-17
SaltedHashedPotato
11:01 Feudal Age
11:27 Loom
12:25 Horse Collar
12:32 Double-Bit Axe
13:20 Stone Mining
14:51 Wheelbarrow
18:29 Castle Age
19:59 Fletching
22:50 Bow Saw
24:01 Forging
24:29 Husbandry
23:50 Light Cavalry
26:43 Hand Cart
26:39 Heavy Plow
28:16 Bodkin Arrow
28:57 Iron Casting
29:19 Szlachta Privileges
32:24 Scale Barding Armor
35:15 Imperial Age
33:32 Chain Barding Armor
34:00 Ballistics
33:36 Murder Holes
33:52 Fortified Wall
34:47 Padded Archer Armor
35:30 Capped Ram
37:21 Blast Furnace
36:23 Bracer
35:45 Cavalier
37:44 Conscription
40:52 Chemistry
40:14 Scale Mail Armor
41:40 Light Cavalry
42:31 Bloodlines
41:58 Crossbowman
42:46 Thumb Ring
43:19 Crop Rotation
42:28 Arbalester
44:26 Siege Ram
45:45 Leather Archer Armor
El Plom9721
10:19 Feudal Age
10:22 Loom
14:44 Castle Age
13:17 Double-Bit Axe
13:14 Horse Collar
19:25 Bow Saw
24:13 Heavy Plow
29:38 Imperial Age
27:57 Wheelbarrow
28:54 Chemistry
29:07 Fletching
30:03 Hand Cart
29:54 Pikeman
31:15 Forging
31:07 Scale Mail Armor
32:19 Siege Engineers
33:48 Halberdier
34:34 Squires
35:56 Houfnice
44:59 Chain Mail Armor
45:19 Iron Casting
Connection lost

Rejoining the realm…

Still unreachable

The connection could not be restored.

Session expired

The server has moved on; the page needs a fresh start.